AoeStats
← Lili La Souris

Glade

510739246Analyzed
1v1 RM · 18h ago on Oct 2, 2026· 69m 12s· 2 players
Game mode
Random Map
Map size
Tiny (2 player)
Population
200
Speed
Normal
Resources
Standard
Victory
Conquest
Starting age
Dark Age
Ending age
Imperial Age
RankedLock teamsTeams togetherTeam positionsShared explorationLock speedFull tech treeHidden civsTurbo modeCheats
Victory
Defeat
🇫🇷 Bengalis · France
885
+16
🇫🇷 Turks · France
893
-16
Lili La Souris
0:41 Loom
12:55 Feudal Age
15:26 Wheelbarrow
18:41 Castle Age
18:29 Horse Collar
18:36 Double-Bit Axe
19:10 Fletching
22:25 Scale Barding Armor
22:44 Heavy Plow
24:06 Gold Mining
24:12 Stone Mining
27:01 Bow Saw
27:30 Bodkin Arrow
28:16 Gold Shaft Mining
29:13 Forging
29:20 Hand Cart
28:52 Town Watch
29:11 Padded Archer Armor
31:06 Town Patrol
31:45 Ballistics
31:20 Murder Holes
35:53 Imperial Age
32:47 Pikeman
33:29 Husbandry
33:40 Bloodlines
34:59 Masonry
35:10 Leather Archer Armor
36:04 Paiks
36:35 Chain Barding Armor
37:22 Bracer
38:47 Halberdier
40:09 Squires
39:55 Gambesons
39:55 Arson
40:52 Plate Barding Armor
40:18 Scale Mail Armor
41:22 Elite Battle Elephant
42:42 Iron Casting
43:02 Elite Skirmisher
46:22 Blast Furnace
50:54 Chain Mail Armor
52:57 Ring Archer Armor
52:47 Paiks
53:43 Crop Rotation
52:59 Siege Elephant
Scloki
10:42 Feudal Age
15:29 Castle Age
14:28 Double-Bit Axe
17:40 Horse Collar
18:36 Loom
21:25 Stone Mining
21:54 Gold Mining
22:28 Town Watch
23:49 Wheelbarrow
23:51 Bow Saw
25:03 Gold Shaft Mining
25:40 Heavy Plow
26:15 Hand Cart
31:03 Imperial Age
28:41 Treadmill Crane
29:12 Masonry
29:09 Town Patrol
29:47 Thumb Ring
30:20 Padded Archer Armor
30:10 Fletching
31:02 Bloodlines
30:56 Husbandry
35:03 Leather Archer Armor
34:44 Bodkin Arrow
38:55 Scale Barding Armor
38:50 Scale Mail Armor
39:21 Ring Archer Armor
40:17 Ballistics
39:48 Heated Shot
46:09 Bracer
46:24 Chain Mail Armor
46:21 Forging
51:45 Artillery
54:08 Bombard Tower
53:16 Heavy Camel Rider
68:50 Capped Ram
Connection lost

Rejoining the realm…

Still unreachable

The connection could not be restored.

Session expired

The server has moved on; the page needs a fresh start.